 Dungeon Crawl Stone Soup version 0.32-a0-918-g0f22ef8d61 (webtiles) character file.

Game seed: 11969867172597876557

116 ninjaread99 the Conjurer (level 4, 0/33 HPs)
             Began as a Draconian Conjurer on Apr 11, 2024.
             Slain by an iguana (12 damage)
             ... on level 3 of the Dungeon.
             The game lasted 00:04:06 (2853 turns).

ninjaread99 the Conjurer (Draconian Conjurer)       Turns: 2853, Time: 00:04:06

Health: 0/33       AC:  5    Str: 10    XL:     4   Next: 69%
Magic:  1/8        EV: 11    Int: 20    God:
Gold:   75         SH:  0    Dex:  9    Spells: 5/8 levels left

rFire   . . .        (no weapon)
rCold   . . .        (no shield)
rNeg    . . .        (body armour unavailable)
rPois   .            (helmet restricted)
rElec   .            (no cloak)
rCorr   .            (no gloves)
SInv    .            (no boots)
Will    .....        (no amulet)
Stlth   ++           (no ring)
HPRegen 0.25/turn    (no ring)
MPRegen 0.11/turn

%: no passive effects
@: no status effects
A: AC +5, unfitting armour, cold-blooded
a: no special abilities


You were on level 3 of the Dungeon.
You visited 1 branch of the dungeon, and saw 3 of its levels.

You collected 75 gold pieces.

Inventory:

Missiles
 h - a throwing net
Jewellery
 b - a ring of protection from cold
Scrolls
 c - a scroll of fog {unknown}
 d - a scroll of teleportation {unknown}
 g - a scroll of identify {unknown}
 j - 2 scrolls of blinking {unknown}
Potions
 a - a potion of magic
 e - a potion of lignification {unknown}
 f - 2 potions of enlightenment {unknown}
 i - a potion of haste {unknown}


   Skills:
 + Level 2.7 Dodging
 + Level 2.8 Stealth
 + Level 2.8 Spellcasting
 + Level 4.5 Conjurations


You had 5 spell levels left.
You knew the following spells:

 Your Spells              Type           Power      Damage    Failure   Level
a - Magic Dart            Conj           84%        1d7       2%          1
b - Searing Ray           Conj           42%        2d6       3%          2

Your spell library contained the following spells:

 Spells                   Type           Power      Damage    Failure   Level
 Fulminant Prism          Conj/Alch      6%         3d6       50%         4
 Iskenderun's Mystic Bla Conj/Tloc 12%            2d5        (+2d2     50%         4


Dungeon Overview and Level Annotations

Branches:
Dungeon (3/15)

Altars:
Qazlal

Shops:
D:1 ?=[(?

Annotations:
D:2 Sigmund


Innate Abilities, Weirdness & Mutations

Your plain brown scales are hard. (AC +5)
You cannot fit into any form of body armour.
You are cold-blooded and may be slowed by cold attacks.


Message History

The iguana is heavily wounded.
An iguana is nearby!
The magic dart hits the iguana but does no damage.
The iguana is heavily wounded.
An iguana is nearby!
The magic dart hits the iguana but does no damage.
The iguana is heavily wounded.
An iguana is nearby!
The magic dart hits the iguana.
The iguana is almost dead.
The iguana bites you.
An iguana is nearby!
The magic dart hits the iguana but does no damage.
The iguana is almost dead.
The iguana bites you.
An iguana is nearby!
You are out of magic!
An iguana is nearby!
You are out of magic!
An iguana is nearby!
You are out of magic!
An iguana is nearby!
You are out of magic!
An iguana is nearby!
You hit the iguana but do no damage.
The iguana is almost dead.
The iguana bites you.
You closely miss the iguana.
The iguana is almost dead.
The iguana bites you!
You barely miss the iguana.
The iguana is almost dead.
The iguana misses you.
You closely miss the iguana.
The iguana is severely wounded.
The iguana bites you.
You hit the iguana but do no damage.
The iguana is severely wounded.
The iguana bites you!
You die...

.........#########
###.............. ...
#...##.#########..#
#......# ?..##
##.#.##.# ....###
##....##.# .......
......##.# ....#
##...###.########l..#
###.## #.#......@#.###
....#
#.#.###..........
..### #.#.#
#....######
...#####.#.# #.....#
...........# .......#
....#########.........
..#.# #.....).###
.#### #......## ##
#.#...##


You could see an iguana.

Vanquished Creatures
  4 gnolls (D:2)
  An adder (D:1)
  A dart slug (D:1)
  6 orcs (D:3)
  4 endoplasms
  3 giant cockroaches
  9 goblins
  6 hobgoblins
  2 jackals (D:3)
  3 quokkas
  A ball python (D:3)
  4 bats
  A frilled lizard (D:1)
  9 kobolds
  3 rats
57 creatures vanquished.

Notes
Turn   | Place    | Note
-------+----------+-------------------------------------------
     0 | D:1      | ninjaread99 the Draconian Conjurer began the quest for the
                  | Orb.
     0 | D:1      | Reached XP level 1. HP: 14/14 MP: 3/3
    24 | D:1      | Found Binkeiwee's Antique Armour Emporium.
    52 | D:1      | Found Tudarar's Jewellery Shoppe.
   187 | D:1      | Found Osuro's Magic Scroll Shop.
   230 | D:1      | You fall into a shaft and drop 1 floor!
   351 | D:1      | Found Poudumia's Magic Scroll Shoppe.
   354 | D:1      | Reached XP level 2. HP: 20/20 MP: 3/5
   379 | D:1      | Learned a level 2 spell: Searing Ray
   847 | D:1      | Found Iraqevown's Weapon Shop.
   947 | D:1      | Reached XP level 3. HP: 26/26 MP: 4/6
  1868 | D:2      | Reached XP level 4. HP: 29/33 MP: 0/7
  2068 | D:2      | Noticed Sigmund
  2489 | D:3      | Found a stormy altar of Qazlal.
  2853 | D:3      | Slain by an iguana

Illustrated notes

Levels and vault maps discovered:
D:1:      saegor_arrival_simple_e, layout_basic, serial_shops,
          nicolae_shop_statue_plus, shop, shop, nicolae_shop_behind_doors,
          nicolae_shop_tiny_statue_garden, serial_bayou_pond_e
D:2:      layout_basic, basic_altar, minmay_increasing_density, uniq_sigmund
D:3:      layout_loops_ring, old_standard_altar,
          chequers_temple_overflow_minitemple, uniq_jessica

Skill      XL: |  1 |
---------------+----+-----
Dodging        | 2 |  2.7
Stealth        | 2 |  2.8
Spellcasting   | |  2.8
Conjurations   | |  4.5

Action                     |  1- 3 |  4- 6 || total
---------------------------+-------+-------++-------
  Melee: Unarmed           |    16 |    11 ||    27
         Tailslap          |     1 |       ||     1
   Cast: Magic Dart        |    84 |    46 ||   130
         Searing Ray       |     1 |     3 ||     4
 Armour: Skin              |    26 |     8 ||    34
  Dodge: Dodged            |    26 |    10 ||    36

Table legend: (Time is in decaauts)
 A = Elapsed time spent in this place.
 B = Non-inter-level travel time spent in this place.
 C = Inter-level travel time spent in this place.
 D = Time resting spent in this place.
 E = Time spent auto-exploring this place.
 F = Levels seen in this place.
 G = Mean time per level.
                   A        B        C        D        E       F      G
               +--------+--------+--------+--------+--------+-----+--------+
         Total |   2856 |   2809 |     47 |   1002 |   1362 |   3 |  952.0 |
       Dungeon |   2856 |   2809 |     47 |   1002 |   1362 |   3 |  952.0 |
               +--------+--------+--------+--------+--------+-----+--------+

Top non-repeatable levels by time:
     D:1: 1513 daAuts
     D:2: 677 daAuts
     D:3: 664 daAuts
